 Dungeon Crawl Stone Soup version 0.28.0-53-g5a82cb258f (webtiles) character file.

Game seed: 5089759347038509395

79 infcreate the Sneak (level 4, 24/24 HPs)
             Began as a Vampire Enchanter on July 25, 2022.
             Quit the game on level 2 of the Dungeon.
             The game lasted 00:04:04 (2185 turns).

infcreate the Sneak (Vampire Enchanter)             Turns: 2185, Time: 00:04:04

Health: 24/24      AC:  6    Str:  7    XL:     4   Next: 17%
Magic:  7/7        EV: 17    Int: 17    God:
Gold:   141        SH:  0    Dex: 16    Spells: 0/8 levels left

rFire   . . .      SeeInvis +   a - +1 dagger
rCold   + + .      Faith    .   (no shield)
rNeg    + + +      Spirit   .   b - +0 robe
rPois   ∞          Reflect  .   (no helmet)
rElec   .          Harm     .   (no cloak)
rCorr   .          Rampage  .   (no gloves)
Will    .....                   (no boots)
Stlth   +++++.....              (no amulet)
HPRegen 0.08/turn               E - +4 ring of evasion
MPRegen 0.10/turn               T - +4 ring of protection

@: bloodless
A: bloodless, fangs 3, see invisible, vampiric 2
a: Bat Form, Revivify


You were on level 2 of the Dungeon.
You visited 1 branch of the dungeon, and saw 2 of its levels.

You collected 141 gold pieces.


Innate Abilities, Weirdness & Mutations

You do not regenerate when monsters are visible.
You are frail without blood (-20% HP).
You can heal yourself when you bite living creatures.
You are immune to poison.
You have razor-sharp teeth.
You have supernaturally acute eyesight. (SInv)
You are afflicted with vampirism and can become a bat while bloodless.


   Skills:
 + Level 2.1 Short Blades
 + Level 2.9 Dodging
 + Level 5.2 Stealth
 + Level 2.5 Spellcasting
 + Level 5.1 Hexes


You couldn't memorise any spells.
You knew the following spells:

 Your Spells              Type           Power      Damage    Failure   Level
c - Confusing Touch       Hex            19%        N/A       7%          3
d - Tukima's Dance        Hex            19%        N/A       7%          3
e - Ensorcelled Hibernat  Hex/Ice        20%        N/A       10%         2

Your spell library contained the following spells:

 Spells                   Type           Power      Damage    Failure   Level
 Magic Dart               Conj           8%         1d3       19%         1
 Dazzling Flash           Conj/Hex       20%        N/A       19%         3
 Call Imp                 Summ           2%         N/A       28%         2
 Mephitic Cloud           Conj/Pois/Air  2%         N/A       50%         3

Inventory:

Hand Weapons
 a - a +1 dagger (weapon)
Armour
 b - a +0 robe (worn)
Magical Staves
 e - a staff of poison {!a}
Jewellery
 E - a +4 ring of evasion (left hand)
 T - a +4 ring of protection (right hand)
Scrolls
 d - a scroll of identify {unknown}
 f - 3 scrolls of teleportation {unknown}
 g - a scroll of fog {unknown}
 i - a scroll of amnesia {unknown}
Potions
 c - a potion of invisibility
 h - a potion of might {unknown}
 j - a potion of degeneration {unknown}

Dungeon Overview and Level Annotations

Branches:
Dungeon (2/15)

Altars:

#..#..#..#.#....#..#...#...#.#
#..#..#..#.#....####....###...
#..........#...........## ##..
#.##.##.####...........# #..
#.......# ##.....#####.## ##.#
####.#### #...#### #..###..#
#.# #...# ###...### #.#
####...#### #.###
#.###.....@...# #.#
#.............# #.#
#####.........# #.###
####...##.#######.#.###
#>..##.............#
#...############.#.# #####
#.#.# #.#.# #.#.^


There were no monsters in sight!


Message History

You have reached level 4!
This spell is quite dangerous to cast!
Memorise Tukima's Dance, consuming 3 spell levels and leaving 0?
You finish memorising.
Spell assigned to 'd'.
Okay, then.
Unknown command.
Unknown command.
j - a green potion You see here a +0 spear.
A gnoll is nearby!
Casting: Ensorcelled Hibernation (safe; 10% risk of failure)
Confirm with . or Enter, or press ? or * to list all spells.
Aiming: Ensorcelled Hibernation (safe; 10% risk of failure)
Press: ? - help, Shift-Dir - straight line, f - gnoll
Aim: a gnoll, wielding a +0 halberd and wearing a +0 chain mail (wandering, hasn't noticed you, chance to affect: 52%)
The gnoll shouts!
The gnoll looks drowsy...
The helpless gnoll fails to defend itself.
You bite the gnoll, and draw its blood! You impale the gnoll!!
You kill the gnoll!
Magic restored.
Things that are here:
a +0 halberd; a +0 chain mail; a gnoll corpse
Found a short sword.
You see here a +0 short sword.
Done exploring.
Done exploring.
Done exploring.
There is a stone staircase leading down here.
Are you sure you want to abandon this character and quit the game? (Confirm with "yes".)

Skill      XL: |  1  2  3 |
---------------+----------+-----
Stealth        | 5 |  5.2
Hexes          | 5 |  5.1
Short Blades   | 2 |  2.1
Dodging        | |  2.9
Spellcasting   | |  2.5

Action                   |  1- 3 |  4- 6 || total
-------------------------+-------+-------++-------
Melee: Dagger            |    55 |     1 ||    56
       Bite              |     5 |       ||     5
 Cast: Ensorcelled Hiber |    19 |     1 ||    20
       Confusing Touch   |     3 |       ||     3
 Abil: Exsanguinate      |     1 |       ||     1
 Stab: Sleeping          |    30 |     1 ||    31
Armor: Robe              |     6 |       ||     6
Dodge: Dodged            |    33 |       ||    33

Levels and vault maps discovered:
D:1:      matt_arrival_refuge, layout_basic, hellmonk_ecumenical_altar_lost_god
D:2:      layout_loops_cross, corexii_shack

Notes
Turn   | Place    | Note
-------+----------+-------------------------------------------
     0 | D:1      | infcreate the Vampire Enchanter began the quest for the
                  | Orb.
     0 | D:1      | Reached XP level 1. HP: 13/13 MP: 3/3
   421 | D:1      | Reached XP level 2. HP: 15/15 MP: 5/5
   424 | D:1      | Learned a level 2 spell: Ensorcelled Hibernation
   458 | D:1      | Found a faded altar of an unknown god.
  1116 | D:2      | Gained mutation: You are afflicted with vampirism and can
                  | become a bat while bloodless. [Vampire growth]
  1116 | D:2      | Reached XP level 3. HP: 19/19 MP: 6/6
  1120 | D:2      | Learned a level 3 spell: Confusing Touch
  1744 | D:1      | Reached skill level 5 in Stealth
  1744 | D:1      | Reached skill level 5 in Hexes
  2005 | D:1      | Reached skill level 2 in Short Blades
  2064 | D:2      | Reached XP level 4. HP: 24/24 MP: 7/7
  2068 | D:2      | Learned a level 3 spell: Tukima's Dance
  2185 | D:2      | Quit the game

Vanquished Creatures
  4 gnolls
  A ball python (D:2)
  6 endoplasms
  4 giant cockroaches
  2 goblins
  4 hobgoblins
  4 jackals
  4 kobolds
  A quokka (D:2)
  4 bats
  A rat (D:1)
35 creatures vanquished.

Vanquished Creatures (others)
  2 plants (D:2)
2 creatures vanquished.

Grand Total: 37 creatures vanquished

Table legend: (Time is in decaauts)
 A = Elapsed time spent in this place.
 B = Non-inter-level travel time spent in this place.
 C = Inter-level travel time spent in this place.
 D = Time resting spent in this place.
 E = Time spent auto-exploring this place.
 F = Levels seen in this place.
 G = Mean time per level.
                   A        B        C        D        E       F      G
               +--------+--------+--------+--------+--------+-----+--------+
         Total |   2184 |   2043 |    141 |    555 |   1097 |   2 | 1092.0 |
       Dungeon |   2184 |   2043 |    141 |    555 |   1097 |   2 | 1092.0 |
               +--------+--------+--------+--------+--------+-----+--------+

Top non-repeatable levels by time:
     D:1: 1267 daAuts
     D:2: 916 daAuts

Table legend:
 A = Non-vault XP
 B = Vault XP
 C = Vault XP percentage of total XP
 D = Non-vault monster count
 E = Vault monster count
 F = Vault count percentage of total count
                 A         B        C        D         E       F
            +---------+---------+-------+---------+---------+-------
      Total |     112 |       2 |   1.8 |      34 |       1 |   2.9
            +---------+---------+-------+---------+---------+-------
        D:1 |      54 |       0 |   0.0 |      17 |       0 |   0.0
        D:2 |      58 |       2 |   3.3 |      17 |       1 |   5.6
            +---------+---------+-------+---------+---------+-------
